 Dungeon Crawl Stone Soup version 0.31-a0-654-gbe3e110b4e (webtiles) character file.

Game seed: 8555964446698674555

12079 mdonais the Fighter (level 11, -25/82 HPs)
             Began as an Octopode Brigand on Aug 29, 2023.
             Was an Elder of Ignis.
             Engulfed by an ice statue's freezing vapour (31 damage)
             ... on level 9 of the Dungeon on Aug 30, 2023.
             The game lasted 00:51:54 (10245 turns).

mdonais the Fighter (Octopode Brigand)             Turns: 10245, Time: 00:51:54

Health: -25/82     AC:  1    Str: 17    XL:     11   Next: 87%
Magic:  11/11      EV: 17    Int: 13    God:    Ignis [****..]
Gold:   146        SH: 24    Dex: 23    Spells: 8/10 levels left

rFire   + + .        a - +8 whip of Nuvvuh {venom, rElec Str-3 Dex+3}
rCold   . . .        E - +5 tower shield "Qinof" {rElec Str+2 Dex+3}
rNeg    + . .        (helmet currently unavailable)
rPois   .            K - amulet of magic regeneration
rElec   +            i - ring of positive energy
rCorr   .            y - +4 ring of slaying
SInv    +            u - +6 ring of strength
Will    +....        r - ring of wizardry
Stlth   ++++++       f - ring of protection from fire
HPRegen 0.33/turn    L - ring of Ymmotab {Will+ SInv Stlth+}
MPRegen 0.52/turn    (no ring)
                     (no ring)

%: wizardry (x1)
@: beast-form
A: beast (slay +2), almost no armour, amphibious, 8 rings, camouflage 1,
gelatinous body 1, (nimble swimmer 1), tentacles
a: Begin Untransformation, Renounce Religion, Fiery Armour, Foxfire Swarm,
Rising Flame


You were on level 9 of the Dungeon.
You worshipped Ignis.
Ignis was greatly pleased with you.
You were a hulking beast.
You visited 2 branches of the dungeon, and saw 10 of its levels.

You collected 510 gold pieces.
You spent 364 gold pieces at shops.

Inventory:

Hand Weapons
 a - the +8 whip of Nuvvuh (weapon) {venom, rElec Str-3 Dex+3}
   (You found it on level 2 of the Dungeon)

   Str-3:     It affects your strength (-3).
   Dex+3:     It affects your dexterity (+3).
   rElec:     It insulates you from electricity.
 k - a +0 rapier of speed
   (You found it on level 5 of the Dungeon)
 l - a +3 shortbow
   (You took it off a centaur on level 7 of the Dungeon)
 m - a +2 dagger
 A - a +1 orcbow of draining
   (You took it off a centaur on level 9 of the Dungeon)
 N - a +4 long sword
   (You took it off a wight on level 8 of the Dungeon)
Missiles
 h - 32 poisoned darts (quivered)
 t - 9 boomerangs
 F - 3 curare-tipped darts
 J - 5 atropa-tipped darts
Armour
 E - the +5 tower shield "Qinof" (worn) {rElec Str+2 Dex+3}
   (You found it on level 6 of the Dungeon)

   Str+2:     It affects your strength (+2).
   Dex+3:     It affects your dexterity (+3).
   rElec:     It insulates you from electricity.
Magical Staves
 o - a staff of conjuration
   (You found it on level 3 of the Dungeon)
Jewellery
 f - a ring of protection from fire (on tentacle)
   (You found it on level 7 of the Dungeon)
 i - a ring of positive energy (left tentacle)
   (You found it on level 1 of the Dungeon)
 r - a ring of wizardry (on tentacle)
   (You found it on level 7 of the Dungeon)
 u - a +6 ring of strength (on tentacle)
   (You found it on level 4 of the Dungeon)
 y - a +4 ring of slaying (right tentacle)
   (You found it on level 4 of the Dungeon)
 K - an amulet of magic regeneration (around mantle)
   (You found it on level 8 of the Dungeon)
 L - the ring of Ymmotab (on tentacle) {Will+ SInv Stlth+}
   (You bought it in a shop on level 5 of the Dungeon)

   [ring of see invisible]

   Will+:     It increases your willpower.
   SInv:      It lets you see invisible.
   Stlth+:    It makes you more stealthy.
Talismans
 b - a beast talisman (active)
   (You found it on level 7 of the Dungeon)
 q - a flux talisman
   (You found it on level 3 of the Dungeon)
Wands
 e - a wand of mindburst (2)
   (You found it on level 5 of the Dungeon)
 M - a wand of polymorph (12)
   (You took it off Sigmund on level 6 of the Dungeon)
 V - a wand of flame (22)
   (You found it on level 5 of the Dungeon)
Scrolls
 c - a scroll of acquirement
 n - 2 scrolls of noise
 p - a scroll of torment
 s - a scroll of fog {unknown}
 v - a scroll of enchant weapon {unknown}
 x - 2 scrolls of vulnerability
 B - 4 scrolls of blinking
 G - a scroll of poison {unknown}
 I - 4 scrolls of revelation
 T - 4 scrolls of teleportation
Potions
 d - 2 potions of enlightenment
 g - 2 potions of heal wounds
 j - a potion of mutation {unknown}
 w - a potion of berserk rage {unknown}
 z - a potion of brilliance {unknown}
 D - 4 potions of might {unknown}
 H - a potion of resistance {unknown}
 Q - 4 potions of curing


   Skills:
 + Level 10.6 Fighting
 - Level 2.3 Short Blades
 - Level 5.0 Maces & Flails
 - Level 3.0 Throwing
 - Level 8.0 Dodging
 - Level 7.0 Stealth
 + Level 10.2 Shields
 - Level 4.0 Evocations
 - Level 3.5 Shapeshifting


You had 8 spell levels left.
You knew the following spells:

 Your Spells              Type           Power      Damage    Failure   Level
a - Passwall              Tmut/Erth      0%         N/A       65%         2

Your spell library contained the following spells:

 Spells                   Type           Power      Damage    Failure   Level
 Sandblast                Erth           0%         2d4       52%         1
 Slow                     Hex            0%         N/A       52%         1
 Sting                    Tmut/Pois      0%         1d3       52%         1
 Cigotuvi's Dreadful Rot  Necr/Pois/Air  0%         N/A       65%         2
 Poisonous Vapours        Pois/Air       0%         N/A       65%         2
 Sublimation of Blood     Necr           0%         N/A       65%         2
 Confusing Touch          Hex            0%         N/A       86%         3
 Ignite Poison            Fire/Tmut/Pois 0%         N/A       86%         3
 Stone Arrow              Conj/Erth      0%         3d7       86%         3
 Vampiric Draining        Necr           0%         2d6       86%         3
 Olgreb's Toxic Radiance  Pois           0%         N/A       99%         4
 Petrify                  Tmut/Erth      0%         N/A       99%         4
 Freezing Cloud           Conj/Ice/Air   0%         6-21      100%        5
 Irradiate                Conj/Tmut      0%         3d11      100%        5
 Ozocubu's Refrigeration  Ice            0%         4d7       100%        7
 Animate Armour           Summ/Erth      Unusable   N/A       N/A         4

Dungeon Overview and Level Annotations

Branches:
Dungeon (9/15) Zot: 24679  Temple (1/1) D:6 Zot: 5998
   Lair: D:8-11         Orc: D:9-12

Altars:
Ashenzari
Cheibriados
Dithmenos
Elyvilon
Fedhas
Gozag
Hepliaklqana
Kikubaaqudgha
Makhleb
Nemelex Xobeh
Okawaru
Qazlal
Ru
Sif Muna
Trog
Uskayaw
Vehumet
Wu Jian
Xom
Yredelemnul
Zin
The Shining One
Ignis

Shops:
D:5 =

Annotations:
D:6 exclusion: oklob plant
D:9 exclusion: ice statue


Innate Abilities, Weirdness & Mutations

You are a hulking beast.
Your limbs bulge with bestial killing power. (Slay +2)
You cannot wear most types of armour.
You are amphibious.
You can wear up to eight rings at the same time.
Your skin changes colour to match your surroundings (Stealth+).
Your rubbery body absorbs attacks. (AC +1, EV +1)
((You are camouflaged when in or above water. (Stealth+)))
You have tentacles for arms and can constrict up to eight enemies at once.


Message History

You whack the seven-headed hydra!
Your squeeze misses the seven-headed hydra.
The seven-headed hydra is moderately wounded.
An orc warrior comes into view. It is wielding a +0 glaive.
The seven-headed hydra closely misses you.
The seven-headed hydra misses you.
You block the seven-headed hydra's attack. x2
The seven-headed hydra closely misses you.
The seven-headed hydra bites you.
The seven-headed hydra is burned by your cloak of flames.
The seven-headed hydra is moderately wounded.
You block the seven-headed hydra's attack.
You take 2 damage, and have 78/81 hp.
You whack the seven-headed hydra!
The seven-headed hydra is heavily wounded.
Your fiery armour burns out.
You block the orc warrior's attack.
You block the seven-headed hydra's attack.
The seven-headed hydra bites you. The seven-headed hydra misses you.
The seven-headed hydra bites you!
You block the seven-headed hydra's attack.
The seven-headed hydra bites you!
The seven-headed hydra closely misses you.
You take 24 damage, and have 54/81 hp.
MASSIVE DAMAGE!!
You whack the seven-headed hydra!
The seven-headed hydra looks as sick as possible!
You squeeze the seven-headed hydra!
The seven-headed hydra is severely wounded.
You block the orc warrior's attack.
You block the seven-headed hydra's attack. x2
The seven-headed hydra bites you. The seven-headed hydra bites you!
You block the seven-headed hydra's attack.
The seven-headed hydra bites you!
* * * LOW HITPOINT WARNING * * *
The seven-headed hydra closely misses you.
The orc warrior hits you from afar with a +0 glaive!
* * * LOW HITPOINT WARNING * * *
You take 46 damage, and have 8/81 hp.
MASSIVE DAMAGE!!
Blink to where?
Press: ? - help, Dir - move target, p - seven-headed hydra
As you read the scroll of blinking, it crumbles to dust.
Aiming: Corrosive Bolt
Press: ? - help, Shift-Dir - straight line, f - seven-headed hydra
Aim: a seven-headed hydra (severely wounded, extremely poisoned, covered in acid, 91% to hit)
The bolt of acid hits the seven-headed hydra!!
The seven-headed hydra seems to be corroded for longer.
You kill the seven-headed hydra!
The now-empty wand crumbles to dust.
Your Shields skill increases to level 10!
You enter the shallow water.
You enter the deep water.
A gnoll sergeant comes into view. It is wielding a +0 trident.
Health restored: 82 No target in view!
No target in view!
Q - 4 potions of curing (gained 1)
The gnoll sergeant hits you with a +0 trident!
You see here a hydra skeleton.
You take 7 damage, and have 75/82 hp.
The gnoll sergeant hits you from afar with a +0 trident!
You take 9 damage, and have 66/82 hp.
The gnoll sergeant barely misses you.
You see here a hydra skeleton.
You whack the gnoll sergeant!
The gnoll sergeant is poisoned.
You grab the gnoll sergeant.
The gnoll sergeant is heavily wounded.
You constrict the gnoll sergeant. You block the gnoll sergeant's attack.
You whack the gnoll sergeant!
The gnoll sergeant looks as sick as possible!
The gnoll sergeant is almost dead.
You constrict the gnoll sergeant.
You kill the gnoll sergeant!
No target in view!
The orc warrior shouts!
You whack the orc warrior!
The orc warrior is poisoned.
You grab the orc warrior. You squeeze the orc warrior.
The orc warrior is heavily wounded.
You constrict the orc warrior. You block the orc warrior's attack.
You hit the orc warrior.
The orc warrior is almost dead.
You constrict the orc warrior. You block the orc warrior's attack.
You hit the orc warrior.
You kill the orc warrior!
No target in view!
No target in view!
You see here a hydra skeleton.
You now have 121 gold pieces (gained 27).
Items here: ( ))) [[.
Health restored: 82 You now have 133 gold pieces (gained 12).
Things that are here:
a +0 dagger; a +0 leather armour; a +4 shortbow
s - a scroll labelled GOSOR OSOSKAR A centaur comes into view.
You strike the helpless centaur from behind!
You whack the centaur!
The centaur is poisoned.
The centaur is moderately wounded.
You block the centaur's attack. x2; The centaur misses you.
You block the centaur's attack.
You hit the centaur.
The centaur looks as sick as possible!
The centaur is severely wounded.
You block the centaur's attack. x2
You hit the centaur.
The centaur looks as sick as possible!
The centaur is almost dead.
You kill the centaur!
No target in view!
You now have 146 gold pieces (gained 13).
Things that are here:
a +1 orcbow of draining; a +0 robe
A - a +1 orcbow of draining An ice statue comes into view.
Marking area around an ice statue as unsafe for travelling.
No reachable target in view!
No reachable target in view!
A catoblepas comes into view.
Found a leather armour and a scroll labelled JEDUGU DAFI.
Found a stone staircase leading down.
The catoblepas moves out of view.
You whack the ice statue!
The ice statue is lightly damaged.
You whack the ice statue!
The ice statue is moderately damaged.
The ice statue gestures at you. The shard of ice hits you!!
You take 24 damage, and have 58/82 hp.
MASSIVE DAMAGE!!
You whack the ice statue!
The ice statue is moderately damaged.
The ice statue gestures at you. You block the shard of ice.
You hit the ice statue.
You squeeze the ice statue, but do no damage.
The ice statue is moderately damaged.
The ice statue gestures at you. The freezing blast engulfs you!!
You take 20 damage, and have 38/82 hp.
MASSIVE DAMAGE!!
You whack the ice statue!
You squeeze the ice statue, but do no damage.
The ice statue is heavily damaged.
You are engulfed in freezing vapours.
* * * LOW HITPOINT WARNING * * *
The ice statue gestures.
You take 22 damage, and have 16/82 hp.
MASSIVE DAMAGE!!
You hit the ice statue.
The ice statue is severely damaged.
You are engulfed in freezing vapours.
* * * LOW HITPOINT WARNING * * *
You take 10 damage, and have 6/82 hp.
You whack the ice statue!
The ice statue is severely damaged.
You are engulfed in freezing vapours.
You die...

..##### ###....##.....^##....###
......# ##....##..####..#)÷...##
.####>####....##.. #..##.)##....#
.........#....#..##≈..≈##..#....#
...##.####....#8.#..##..#.8#....#
..###.# #....#.^#..⌠?.≈#^.#.....
..###.####....#.Y#..>...#..#...)#
......##.#....#8○#..##..#.8#....#
#.######.#....#°h#.≈..[##.[#^...#
....###..#....##°○## ##..##....#
....##...##....##°.####..##....##
....#.....##....##......##..^.##
........)..###...###..###...###
....#.......#.##...####...###
######.....##.####......###
##.......# ######## ##.#.####


You could see an ice statue and an ice beast (summoned).

Vanquished Creatures
  A hydra (D:9)
  A centaur warrior (D:8)
  A boulder beetle (D:8)
  2 two-headed ogres
  Pikel (D:8)
  A cyclops (D:8)
  Maggie (D:6)
  3 trolls
  A hornet (D:9)
  Grinder (D:5)
  Sigmund (D:6)
  2 wyverns (D:9)
  A yak (D:8)
  A wraith (D:9)
  A steam dragon (D:9)
  Grum (D:8)
  Edmund (D:6)
  3 water moccasins
  A sky beast (D:6)
  6 orc warriors
  2 ice beasts
  3 ogres
  5 centaurs
  3 wolves (D:8)
  3 lemures (D:8)
  2 kobold brigands
  2 scorpions (D:5)
  4 bullfrogs
  3 gnoll sergeants
  15 wights
  11 jellies
  12 killer bees
  A howler monkey (D:9)
  3 quasits (D:4)
  3 orc priests
  A gnoll bouda (D:8)
  2 hounds
  A sleepcap (D:8)
  16 orc wizards
  8 iguanas
  15 gnolls
  11 adders
  4 shadow imps
  5 white imps
  2 ufetubi (D:4)
  6 worms
  4 dart slugs
  30 orcs
  19 endoplasms
  4 giant cockroaches
  4 goblins
  4 hobgoblins
  3 jackals (D:1)
  9 kobolds
  5 quokkas
  11 ball pythons
  5 bats
  4 frilled lizards
  8 rats
284 creatures vanquished.

Vanquished Creatures (others)
  A vampire (D:9)
  26 foxfires (D:4)
27 creatures vanquished.

Grand Total: 311 creatures vanquished

Notes
Turn   | Place    | Note
-------+----------+-------------------------------------------
     0 | D:1      | mdonais the Octopode Brigand began the quest for the Orb.
     0 | D:1      | Reached XP level 1. HP: 14/14 MP: 1/1
     2 | D:1      | You fall into a shaft and drop 1 floor!
    73 | D:2      | Reached XP level 2. HP: 12/20 MP: 2/2
   216 | D:2      | Reached XP level 3. HP: 25/25 MP: 3/3
   641 | D:1      | Reached XP level 4. HP: 33/33 MP: 4/4
  1220 | D:2      | Found a faded altar of an unknown god.
  1269 | D:2      | Identified the +8 whip of Nuvvuh {venom, rElec Str-3 Dex+3}
  1700 | D:2      | Prayed at the altar of an unknown god.
  1700 | D:2      | Became a worshipper of Ignis, the Dying Flame
  1923 | D:3      | Found a shadowy altar of Dithmenos.
  1928 | D:3      | Reached skill level 1 in Maces & Flails
  2028 | D:3      | Reached XP level 5. HP: 37/38 MP: 5/5
  2637 | D:4      | Reached skill level 5 in Fighting
  2728 | D:4      | Noticed an ogre
  2733 | D:4      | Killed an ogre
  2734 | D:4      | Reached XP level 6. HP: 12/45 MP: 6/6
  3093 | D:4      | Reached XP level 7. HP: 39/51 MP: 7/7
  3236 | D:4      | Identified a scroll of acquirement
  3344 | D:5      | Entered Level 5 of the Dungeon
  3352 | D:5      | Found Pungeuh's Jewellery Emporium.
  3396 | D:5      | Reached skill level 1 in Shields
  3494 | D:5      | Noticed Grinder
  3501 | D:5      | Paralysed by Grinder for 5 turns
  3506 | D:5      | Killed Grinder
  3628 | D:5      | Reached XP level 8. HP: 55/57 MP: 8/8
  3764 | D:5      | Found a radiant altar of Vehumet.
  4297 | D:6      | Learned a level 2 spell: Passwall
  4321 | D:6      | Found a bloodstained altar of Trog.
  4394 | D:6      | Found a staircase to the Ecumenical Temple.
  4436 | D:6      | Identified the +5 tower shield "Qinof" {rElec Str+2 Dex+3}
  4617 | D:6      | Reached skill level 1 in Evocations
  4656 | D:6      | Found a stormy altar of Qazlal.
  4707 | D:6      | Noticed an oklob plant
  4905 | D:6      | Found a hazy altar of Hepliaklqana.
  4906 | D:6      | Noticed Maggie
  4918 | D:6      | Killed Maggie
  4919 | D:6      | Reached skill level 5 in Dodging
  4919 | D:6      | Reached XP level 9. HP: 52/64 MP: 9/9
  5006 | D:6      | Found a snail-covered altar of Cheibriados.
  5006 | D:6      | Found a blossoming altar of Fedhas.
  5007 | D:6      | Found a hide-covered altar of Uskayaw.
  5007 | D:6      | Found a basalt altar of Yredelemnul.
  5008 | D:6      | Found a glowing golden altar of the Shining One.
  5328 | D:6      | Noticed Sigmund
  5385 | D:6      | Noticed Edmund
  5394 | D:6      | Killed Edmund
  5506 | Temple   | Entered the Ecumenical Temple
  5617 | D:7      | Reached skill level 5 in Shields
  6106 | D:7      | Found a sacrificial altar of Ru.
  6683 | D:8      | Noticed Pikel
  6736 | D:8      | Reached XP level 10. HP: 65/73 MP: 10/10
  6937 | D:8      | Found an opulent altar of Gozag.
  7172 | D:8      | Noticed a boulder beetle
  7181 | D:8      | Killed a boulder beetle
  7198 | D:8      | Noticed a centaur warrior
  7203 | D:8      | Killed a centaur warrior
  7369 | D:8      | Noticed a two-headed ogre
  7370 | D:8      | Noticed a cyclops
  7375 | D:8      | Killed a cyclops
  7382 | D:8      | Killed a two-headed ogre
  7383 | D:8      | Reached skill level 5 in Maces & Flails
  7383 | D:8      | Reached XP level 11. HP: 71/80 MP: 11/11
  7460 | D:8      | Got the Encyclopedia of the Band and Frost
  7475 | D:8      | Identified the +1 scale mail of the Distant Future {rF+
                  | Str+2 Dex+3}
  7576 | D:8      | Killed Pikel
  7582 | D:8      | Noticed Grum
  7701 | D:8      | Killed Grum
  7719 | D:8      | Reached skill level 10 in Fighting
  8199 | D:5      | Bought the ring of Ymmotab {Will+ SInv Stlth+} for 364 gold
                  | pieces
  8283 | D:6      | Killed Sigmund
  8638 | D:9      | Noticed a two-headed ogre
  8646 | D:9      | Killed a two-headed ogre
  8747 | D:9      | HP: 4/81 [poisoned by a killer bee]
  9451 | D:9      | Found a white marble altar of Elyvilon.
  9776 | D:9      | Noticed a seven-headed hydra
  9782 | D:9      | Killed a seven-headed hydra
  9783 | D:9      | Reached skill level 10 in Shields
 10237 | D:9      | Noticed a catoblepas
 10245 | D:9      | Engulfed by an ice statue's freezing vapour

Illustrated notes

Levels and vault maps discovered:
D:1:      minmay_arrival_radiant_lines, layout_loops_ring, minmay_cut_off
D:2:      layout_basic, hellmonk_ecumenical_altar_arch_garden
D:3:      layout_loops_ring, nicolae_dithmenos_the_darkroom,
          minmay_misc_feat_nine_boxes
D:4:      layout_rooms, serial_demonic, serial_demonic_c, serial_demonic_d,
          serial_demonic_b, serial_demonic_e, serial_demonic_b,
          serial_demonic_b, serial_demonic_f
D:5:      layout_rooms, mainiacjoe_overflow_small_starburst, serial_shops, shop,
          serial_bayou_ford_a, grunt_decor_cap, minivault_27, uniq_grinder
D:6:      lemuel_slime, layout_basic, grunt_temple_overflow_open,
          nicolae_overflow_crystal_walls, trog_butcher_becter,
          minmay_temple_entry_ruins, sigmund_edmund_badplayer, uniq_maggie
D:7:      layout_gridville, nicolae_ru_sacrificial_ziggurat,
          eino_small_chamber_without_monster
D:8:      layout_basic, mainiacjoe_overflow_six_doors_small,
          roderic_roman_lattice, grunt_ministairs_4, minmay_pinched_square,
          uniq_grum, uniq_pikel
D:9:      layout_loops_cross, elyvilon_altar_3, nzn_random_ring
Temple:   jpeg_temple_island

Skill      XL: |  1  2  3  4  5  6  7  8  9 10 11 |
---------------+----------------------------------+-----
Fighting       | 3 4 5 6 7 8 9 10 | 10.6
Maces & Flails | 1 2 3 4 5 |  5.0
Throwing       | 3 |  3.0
Dodging        | 2 3 5 6 8 |  8.0
Shields        | 2 4 6 8 10 | 10.2
Evocations     | 2 4 |  4.0
Stealth        | 6 7 |  7.0
Shapeshifting  | 3 |  3.5
Short Blades   | |  2.3

Action                     |  1- 3 |  4- 6 |  7- 9 | 10-12 || total
---------------------------+-------+-------+-------+-------++-------
  Melee: Dagger            |    26 |     2 |       |       ||    28
         Constrict         |     5 |    20 |    37 |    48 ||   110
         Tentacles         |     1 |    16 |    45 |    64 ||   126
         Whip              |       |    67 |   174 |   226 ||   467
         Punch             |       |     1 |     4 |     2 ||     7
   Fire: Orcbow            |    43 |    42 |       |       ||    85
  Throw: Dart              |       |     4 |     4 |    21 ||    29
         Javelin           |       |       |    14 |       ||    14
         Boomerang         |       |       |    11 |     2 ||    13
 Invoke: Foxfire Swarm     |       |     2 |       |       ||     2
         Fiery Armour      |       |       |       |     1 ||     1
  Evoke: Wand              |       |       |     6 |     4 ||    10
    Use: Scroll            |       |       |    10 |     3 ||    13
         Potion            |       |       |     4 |     2 ||     6
   Stab: Sleeping          |     5 |    10 |    12 |    10 ||    37
         Distracted        |       |       |       |     3 ||     3
 Armour: Skin              |       |     4 |     8 |     4 ||    16
  Dodge: Dodged            |    19 |    50 |    69 |    86 ||   224
  Block: Buckler           |       |       |    26 |       ||    26
         Tower shield      |       |       |    13 |   264 ||   277
   Form: Beast             |       |       |       |     1 ||     1

Table legend: (Time is in decaauts)
 A = Elapsed time spent in this place.
 B = Non-inter-level travel time spent in this place.
 C = Inter-level travel time spent in this place.
 D = Time resting spent in this place.
 E = Time spent auto-exploring this place.
 F = Levels seen in this place.
 G = Mean time per level.
                   A        B        C        D        E       F      G
               +--------+--------+--------+--------+--------+-----+--------+
         Total |  10325 |   9594 |    731 |    173 |   7306 |  10 | 1032.5 |
       Dungeon |  10324 |   9593 |    731 |    173 |   7306 |   9 | 1147.1 |
        Temple |      1 |      1 |      0 |      0 |      0 |   1 |    1.0 |
               +--------+--------+--------+--------+--------+-----+--------+

Top non-repeatable levels by time:
     D:9: 1844 daAuts
     D:6: 1643 daAuts
     D:8: 1528 daAuts
     D:7: 1118 daAuts
     D:1: 955 daAuts
     D:4: 845 daAuts
     D:5: 814 daAuts
     D:3: 794 daAuts
     D:2: 778 daAuts
  Temple: 1 daAuts
